IL
COLUMBUS CLIPPERS @ TIDEWATER TIDES
04/22/1982
 
TOP OF THE 1ST
Columbus Clippers batting - Pitching for Tidewater Tides : RHP Mike Boddicker
Pitching: RHP Mike Boddicker
Batting: SHB Curt Wilkerson 0-0: Called Strike
0-1: TRIPLE (Line Drive, 89XD, EV 110.0 MPH)
Batting: RHB Javier Leyva 0-0: Ball
1-0: Swinging Strike
1-1: Fly out, F8 (Flyball, 8LXD, EV 100.0 MPH)
Runner from 3rd tags up, SCORES, no throw by CF
Batting: LHB Denny Porter 0-0: Ball
1-0: Called Strike
1-1: Foul Ball, location: 2F
1-2: Foul Ball, location: 2F
1-2: Ball
2-2: Foul Ball, location: 2F
2-2: Ball
3-2: Base on Balls
Batting: RHB Rod Allen 0-0: Fly out, F9 (Flyball, 9D, EV 78.1 MPH)
Batting: LHB Barry Butera 0-0: Ball
1-0: Fly out, F7 (Flyball, 7, EV 86.9 MPH)
Top of the 1st over - 1 run, 1 hit, 0 errors, 1 left on base; Columbus 1 - Tidewater 0
BOTTOM OF THE 1ST
Tidewater Tides batting - Pitching for Columbus Clippers : RHP Javier Villanueva
Pitching: RHP Javier Villanueva
Batting: RHB Anthony Lachowetz 0-0: Called Strike
0-1: Called Strike
0-2: Foul Ball, location: 2F
0-2: Foul Ball, location: 2F
0-2: Ball
1-2: Ball
2-2: Foul Ball, location: 2F
2-2: Strikes out looking
Batting: RHB German Rivera 0-0: SINGLE (Groundball, 25, EV 72.5 MPH) (infield hit)
Batting: RHB Brad Komminsk 0-0: Called Strike
German Rivera steals 2nd base (no throw)
0-1: Called Strike
German Rivera is caught stealing 3rd base 2-5
0-2: Foul Ball, location: 2F
0-2: Ball
1-2: Ball
2-2: Ball
3-2: Strikes out looking
Bottom of the 1st over - 0 runs, 1 hit, 0 errors, 0 left on base; Columbus 1 - Tidewater 0
TOP OF THE 2ND
Columbus Clippers batting - Pitching for Tidewater Tides : RHP Mike Boddicker
Batting: RHB Donell Nixon 0-0: Swinging Strike
0-1: Ball
1-1: Ball
2-1: Called Strike
2-2: Ball
3-2: Base on Balls
Batting: LHB Elijah Bonaparte 0-0: Called Strike
0-1: Ball
1-1: Ball
2-1: Swinging Strike
2-2: Foul Ball, location: 2F
2-2: Foul Ball, location: 2F
2-2: Ball
3-2: Strikes out looking
Batting: LHB Jordan Medrano 0-0: Ball
1-0: Ball
2-0: Foul Ball, location: 2F
2-1: Swinging Strike
2-2: Strikes out swinging
Batting: RHB Alex Rodriguez 0-0: Called Strike
Donell Nixon steals 2nd base
0-1: Ball
1-1: Ball
2-1: SINGLE (Groundball, 4D, EV 96.9 MPH)
Donell Nixon to third
Runner from 3rd tries for Home, SAFE, throw by CF to home
Alex Rodriguez to second
Batting: SHB Curt Wilkerson 0-0: Ball
1-0: Ball
2-0: Swinging Strike
2-1: Ball
3-1: Base on Balls
Pitching: RHP Richard Dierker
Batting: RHB Javier Leyva 0-0: Ball
1-0: SINGLE (Groundball, 5L, EV 86.9 MPH) (infield hit)
Alex Rodriguez to third
Curt Wilkerson to second
Batting: LHB Denny Porter 0-0: Foul Ball, location: 2F
0-1: Foul Ball, location: 2F
0-2: Ball
1-2: Ball
2-2: Ball
3-2: Foul Ball, location: 2F
3-2: Foul Ball, location: 2F
3-2: Foul Ball, location: 2F
3-2: SINGLE (Line Drive, 5D, EV 103.8 MPH)
Alex Rodriguez scores
Curt Wilkerson to third
Javier Leyva to second
Curt Wilkerson scores
Javier Leyva to third
Batting: RHB Rod Allen 0-0: Fielders Choice at 2nd, 5-4 (Groundball, 5L, EV 83.8 MPH)
Top of the 2nd over - 3 runs, 3 hits, 0 errors, 2 left on base; Columbus 4 - Tidewater 0
BOTTOM OF THE 2ND
Tidewater Tides batting - Pitching for Columbus Clippers : RHP Javier Villanueva
Batting: LHB Dave Kable 0-0: Called Strike
0-1: SOLO HOME RUN (Flyball, 9D, EV 102.5 MPH), Distance : 375 ft
Batting: RHB Mike Rex 0-0: Foul Ball, location: 2F
0-1: SINGLE (Groundball, 6MD, EV 97.5 MPH)
Batting: RHB Juan Garcia 0-0: Called Strike
0-1: Fly out, F8 (Flyball, 8RM, EV 86.3 MPH)
Batting: RHB Thomas Walker 0-0: Ball
1-0: Foul Ball, location: 2F
1-1: SINGLE (Groundball, 6MD, EV 97.5 MPH)
Mike Rex to second
Runner from 2nd tries for 3rd, SAFE, throw by CF made to third
Batting: SHB Julio Valdez 0-0: Ball
1-0: SINGLE (Groundball, 15, EV 81.9 MPH) (infield hit)
Mike Rex scores
Thomas Walker to second
Batting: RHB Steve Liddle 0-0: Called Strike
Thomas Walker steals 3rd base
Julio Valdez to second
0-1: Ball
1-1: Fly out, F9 (Line Drive, 9, EV 91.3 MPH)
Runner from 3rd tags up, SCORES, throw by RF
Batting: RHB Anthony Lachowetz 0-0: Called Strike
0-1: Ball
1-1: Swinging Strike
1-2: Strikes out swinging
Bottom of the 2nd over - 3 runs, 4 hits, 0 errors, 1 left on base; Columbus 4 - Tidewater 3
TOP OF THE 3RD
Columbus Clippers batting - Pitching for Tidewater Tides : RHP Richard Dierker
Batting: LHB Barry Butera 0-0: Ball
1-0: Fly out, F2 (Popup, 25F, EV 76.3 MPH)
Batting: RHB Donell Nixon 0-0: Swinging Strike
0-1: Fly out, F8 (Flyball, 8RS, EV 82.5 MPH)
Batting: LHB Elijah Bonaparte 0-0: Foul Ball, location: 2F
0-1: Ball
1-1: Fly out, F6 (Popup, 6, EV 79.4 MPH)
Top of the 3rd over - 0 runs, 0 hits, 0 errors, 0 left on base; Columbus 4 - Tidewater 3
BOTTOM OF THE 3RD
Tidewater Tides batting - Pitching for Columbus Clippers : RHP Javier Villanueva
Batting: RHB German Rivera 0-0: Called Strike
0-1: Ground out 6-3 (Groundball, 6, EV 101.3 MPH)
Batting: RHB Brad Komminsk 0-0: Ball
1-0: Fly out, F9 (Flyball, 89XD, EV 103.8 MPH)
Batting: LHB Dave Kable 0-0: Swinging Strike
0-1: Fly out, F8 (Flyball, 8LS, EV 81.9 MPH)
Bottom of the 3rd over - 0 runs, 0 hits, 0 errors, 0 left on base; Columbus 4 - Tidewater 3
TOP OF THE 4TH
Columbus Clippers batting - Pitching for Tidewater Tides : RHP Richard Dierker
Batting: LHB Jordan Medrano 0-0: Called Strike
0-1: Ball
1-1: Called Strike
1-2: Fly out, F8 (Flyball, 8LXD, EV 99.4 MPH)
Batting: RHB Alex Rodriguez 0-0: Called Strike
0-1: Ball
1-1: Ground out 5-3 (Groundball, 56S, EV 70.0 MPH)
Batting: SHB Curt Wilkerson 0-0: Ground out 5-3 (Groundball, 56, EV 88.1 MPH)
Top of the 4th over - 0 runs, 0 hits, 0 errors, 0 left on base; Columbus 4 - Tidewater 3
BOTTOM OF THE 4TH
Tidewater Tides batting - Pitching for Columbus Clippers : RHP Javier Villanueva
Batting: RHB Mike Rex 0-0: Foul Ball, location: 2F
0-1: Foul Ball, location: 2F
0-2: Ball
1-2: Ground out 6-3 (Groundball, 6, EV 81.9 MPH)
Batting: RHB Juan Garcia 0-0: Ball
1-0: Ball
2-0: Called Strike
2-1: Ball
3-1: Swinging Strike
3-2: DOUBLE (Line Drive, 78XD, EV 106.3 MPH)
Batting: RHB Thomas Walker 0-0: Ball
1-0: Foul Ball, location: 2F
1-1: Foul Ball, location: 2F
1-2: Strikes out swinging
Batting: SHB Julio Valdez 0-0: Called Strike
0-1: DOUBLE (Line Drive, 78D, EV 101.3 MPH)
Juan Garcia scores
Batting: RHB Steve Liddle 0-0: Ground out 6-3 (Groundball, 6S, EV 68.1 MPH)
Bottom of the 4th over - 1 run, 2 hits, 0 errors, 1 left on base; Columbus 4 - Tidewater 4
TOP OF THE 5TH
Columbus Clippers batting - Pitching for Tidewater Tides : RHP Richard Dierker
Batting: RHB Javier Leyva 0-0: Called Strike
0-1: Ground out 5-3 (Groundball, 56S, EV 85.6 MPH)
Batting: LHB Denny Porter 0-0: Called Strike
0-1: Fly out, F7 (Flyball, 7LM, EV 76.9 MPH)
Batting: RHB Rod Allen 0-0: Ground out 6-3 (Groundball, 6, EV 86.3 MPH)
Top of the 5th over - 0 runs, 0 hits, 0 errors, 0 left on base; Columbus 4 - Tidewater 4
BOTTOM OF THE 5TH
Tidewater Tides batting - Pitching for Columbus Clippers : RHP Javier Villanueva
Batting: RHB Anthony Lachowetz 0-0: Ball
1-0: Ball
2-0: Called Strike
2-1: Bunt for hit to 15 - play at first, batter safe!
Batting: RHB German Rivera 0-0: Fielders Choice at 2nd, 4-6 (Groundball, 4, EV 96.3 MPH)
Pitching: RHP Silvio Martinez
Batting: RHB Brad Komminsk 0-0: Ball
1-0: Ball
2-0: Foul Ball, location: 2F
2-1: Foul Ball, location: 2F
2-2: Ball
3-2: Strikes out swinging
Batting: LHB Dave Kable 0-0: Ball
German Rivera is caught stealing 2nd base 2-6
Bottom of the 5th over - 0 runs, 1 hit, 0 errors, 0 left on base; Columbus 4 - Tidewater 4
TOP OF THE 6TH
Columbus Clippers batting - Pitching for Tidewater Tides : RHP Richard Dierker
Pitching: LHP Austin Martinelli
Batting: LHB Barry Butera 0-0: Foul Ball, location: 2F
0-1: Ball
1-1: Swinging Strike
1-2: Ball
2-2: Foul Ball, location: 2F
2-2: Fly out, F9 (Flyball, 89S, EV 80.6 MPH)
Batting: RHB Donell Nixon 0-0: Called Strike
0-1: Ball
1-1: Ground out 6-3 (Groundball, 6, EV 110.6 MPH)
Batting: LHB Elijah Bonaparte 0-0: Called Strike
0-1: Called Strike
0-2: Foul Ball, location: 2F
0-2: Ball
1-2: Ground out 3-1 (Groundball, 34S, EV 90.6 MPH)
Top of the 6th over - 0 runs, 0 hits, 0 errors, 0 left on base; Columbus 4 - Tidewater 4
BOTTOM OF THE 6TH
Tidewater Tides batting - Pitching for Columbus Clippers : RHP Silvio Martinez
Batting: LHB Dave Kable 0-0: Called Strike
0-1: SINGLE (Line Drive, 89M, EV 105.6 MPH)
Batting: RHB Mike Rex 0-0: Ball
1-0: Fielders Choice at 2nd, 4-6 (Groundball, 4S, EV 77.5 MPH)
Pitching: RHP Joseph Georger
Batting: RHB Juan Garcia 0-0: Ball
1-0: Ball
2-0: Called Strike
2-1: Foul Ball, location: 2F
2-2: Ground out 5-3 (Groundball, 56S, EV 79.4 MPH)
Mike Rex to second
Batting: RHB Thomas Walker 0-0: Called Strike
0-1: Ball
1-1: Ball
2-1: Ball
3-1: Base on Balls
Batting: SHB Julio Valdez 0-0: Swinging Strike
0-1: Ball
1-1: Ball
2-1: Foul Ball, location: 2F
2-2: Strikes out swinging
Bottom of the 6th over - 0 runs, 1 hit, 0 errors, 2 left on base; Columbus 4 - Tidewater 4
TOP OF THE 7TH
Columbus Clippers batting - Pitching for Tidewater Tides : LHP Austin Martinelli
Batting: LHB Jordan Medrano 0-0: Ball
1-0: Ball
2-0: Fly out, F8 (Line Drive, 8RD, EV 91.9 MPH)
Batting: RHB Alex Rodriguez 0-0: Ball
1-0: Foul Ball, location: 2F
1-1: Swinging Strike
1-2: Ball
2-2: Foul Ball, location: 2F
2-2: Foul Ball, location: 2F
2-2: SINGLE (Groundball, 4MD, EV 99.4 MPH)
Batting: SHB Curt Wilkerson 0-0: Ball
1-0: Called Strike
1-1: Grounds into double play, 4-6-3 (Groundball, 4, EV 75.6 MPH)
Top of the 7th over - 0 runs, 1 hit, 0 errors, 0 left on base; Columbus 4 - Tidewater 4
BOTTOM OF THE 7TH
Tidewater Tides batting - Pitching for Columbus Clippers : RHP Joseph Georger
Batting: RHB Steve Liddle 0-0: Called Strike
0-1: Reached on error, E2 (Groundball, 15S, EV 65.6 MPH)
Batting: RHB Anthony Lachowetz 0-0: Called Strike
0-1: Foul Ball, location: 2F
0-2: Ball
1-2: Ball
2-2: Strikes out swinging
Batting: RHB German Rivera 0-0: Foul Ball, location: 2F
0-1: Ball
1-1: Ball
2-1: Foul Ball, location: 2F
2-2: Foul Ball, location: 2F
2-2: Fly out, F8 (Flyball, 8RD, EV 110.0 MPH)
Batting: RHB Brad Komminsk 0-0: Ball
1-0: Ball
2-0: Called Strike
2-1: Foul Ball, location: 2F
2-2: Strikes out swinging
Bottom of the 7th over - 0 runs, 0 hits, 1 error, 1 left on base; Columbus 4 - Tidewater 4
TOP OF THE 8TH
Columbus Clippers batting - Pitching for Tidewater Tides : LHP Austin Martinelli
Batting: RHB Javier Leyva 0-0: Swinging Strike
0-1: Swinging Strike
0-2: Foul Ball, location: 2F
0-2: Fly out, F6 (Flyball, 56D, EV 94.4 MPH)
Batting: LHB Denny Porter 0-0: Called Strike
0-1: Ball
1-1: Foul Ball, location: 2F
1-2: Ground out 4-3 (Groundball, 4, EV 105.0 MPH)
Pitching: RHP Steve Murray
Batting: RHB Rod Allen 0-0: Called Strike
0-1: Fly out, F9 (Flyball, 89S, EV 96.9 MPH)
Top of the 8th over - 0 runs, 0 hits, 0 errors, 0 left on base; Columbus 4 - Tidewater 4
BOTTOM OF THE 8TH
Tidewater Tides batting - Pitching for Columbus Clippers : RHP Joseph Georger
Batting: LHB Dave Kable 0-0: Ball
1-0: Reached on error, E5 (Groundball, 5S, EV 81.3 MPH)
Batting: RHB Mike Rex 0-0: Ball
1-0: Ball
2-0: SINGLE (Line Drive, 8LS, EV 100.6 MPH)
Dave Kable to second
Batting: RHB Juan Garcia 0-0: Ball
1-0: Bunt missed!
1-1: Ball
2-1: Ball
3-1: Sac Bunt to 15 - play at first, batter OUT! 1-4
Dave Kable to third
Mike Rex to second
Batting: RHB Thomas Walker 0-0: Intentional Walk
Pitching: RHP Joe Cowley
Batting: SHB Julio Valdez 0-0: Ball
1-0: Called Strike
1-1: Ball
2-1: Called Strike
2-2: Ball
3-2: Base on Balls
Dave Kable scores
Mike Rex to third
Thomas Walker to second
Batting: RHB Steve Liddle 0-0: Called Strike
0-1: Ball
1-1: Called Strike
1-2: Fly out, F8 (Flyball, 8RD, EV 95.6 MPH)
Runner from 3rd tags up, SCORES, no throw by CF
Batting: RHB Anthony Lachowetz 0-0: Ground out 2-3 (Groundball, 15S, EV 70.6 MPH)
Bottom of the 8th over - 2 runs, 1 hit, 1 error, 2 left on base; Columbus 4 - Tidewater 6
TOP OF THE 9TH
Columbus Clippers batting - Pitching for Tidewater Tides : RHP Steve Murray
Pitching: RHP Salome Barojas
Batting: LHB Barry Butera 0-0: Ball
1-0: Called Strike
1-1: Ball
2-1: Foul Ball, location: 2F
2-2: Foul Ball, location: 2F
2-2: SINGLE (Line Drive, 34, EV 98.1 MPH)
Batting: RHB Donell Nixon 0-0: Fielders Choice at 2nd, 5-4 (Groundball, 5S, EV 79.4 MPH)
Batting: LHB Elijah Bonaparte 0-0: Ball
1-0: Swinging Strike
1-1: Ball
2-1: Called Strike
2-2: Ball
3-2: Fly out, F7 (Line Drive, 7D, EV 108.1 MPH)
Batting: LHB Jordan Medrano 0-0: SINGLE (Groundball, 4D, EV 101.3 MPH)
Donell Nixon to second
Pinch Hitting: LHB Tony Ramirez 0-0: Foul Ball, location: 2F
0-1: Ball
1-1: Called Strike
1-2: Ball
2-2: Fly out, F8 (Flyball, 8RS, EV 80.0 MPH)
Top of the 9th over - 0 runs, 2 hits, 0 errors, 2 left on base; Columbus 4 - Tidewater 6
Wednesday, July 22nd, 2020 - OOTP Baseball 21.4 Build 63